 Dungeon Crawl Stone Soup version 0.29.1-1-gd02db6906a (webtiles) character file.

Game seed: 16075633321840765637

113 RascalDebosk the Magician (level 5, -5/38 HPs)
             Began as a Djinni Air Elementalist on Oct 12, 2022.
             Shot with a sling bullet by a goblin (6 damage)
             ... on level 3 of the Dungeon.
             The game lasted 00:19:55 (3251 turns).

RascalDebosk the Magician (Djinni Air Elementalist) Turns: 3251, Time: 00:19:55

Health: -5/38      AC:  2    Str:  7    XL:     5   Next: 17%
Gold:   90         EV: 12    Int: 19    God:
                   SH:  0    Dex: 13

rFire   + + .      SeeInvis .   s - +0 dagger
rCold   x . .      Faith    .   (no shield)
rNeg    . . .      Spirit   .   a - +0 robe
rPois   ∞          Reflect  .   (no helmet)
rElec   .          Harm     .   (no cloak)
rCorr   .          Rampage  .   (no gloves)
Will    .....                   (boots unavailable)
Stlth   ++........              (no amulet)
HPRegen 0.12/turn               (no ring)
MPRegen 0.00/turn               (no ring)

@: flying
A: sickness immunity, fire resistance 2, cold vulnerability 1, float, innate
caster, HP casting, extra vitality 1
a: no special abilities


You were on level 3 of the Dungeon.
You visited 1 branch of the dungeon, and saw 3 of its levels.

You collected 90 gold pieces.

Inventory:

Hand Weapons
 s - a +0 dagger (weapon)
Armour
 a - a +0 robe (worn)
Scrolls
 c - a scroll of immolation {unknown}
 e - a scroll of identify {unknown}
 f - a scroll of butterflies {unknown}
 g - a scroll of teleportation {unknown}
 h - a scroll of poison {unknown}
 i - a scroll of amnesia {unknown}
Potions
 b - 3 potions of haste {unknown}
 d - 2 potions of attraction {unknown}


   Skills:
 + Level 1.8 Fighting
 + Level 1.6 Short Blades
 - Level 2.1 Dodging
 - Level 2.0 Stealth
 + Level 2.9 Spellcasting
 + Level 1.8 Evocations


You couldn't memorise any spells.
You knew the following spells:

 Your Spells              Type           Power      Damage    Failure   Level
a - Shock                 Conj/Air       56%        1d6       4%          1
b - Static Discharge      Conj/Air       14%        3-5/arc   7%          2
c - Swiftness             Air            14%        N/A       14%         3
d - Airstrike             Air            7%         2d(1-17)  41%         4
e - Summon Small Mammal   Summ           56%        N/A       4%          1
f - Poisonous Vapours     Pois/Air       28%        N/A       7%          2
Your spell library was empty.

Dungeon Overview and Level Annotations

Branches:
Dungeon (3/15)

Altars:
Zin


Innate Abilities, Weirdness & Mutations

You are immune to sickness and miasma.
You are immune to poison.
Your flesh is very heat resistant. (rF++)
You are vulnerable to cold. (rC-)
You float through the air rather than walking.
You learn spells naturally, not from books.
Your magical power is your life essence.
You have superior vitality. (+4 MHP)


Message History

Really attack your quokka?
The kobold is struck by an arc of lightning.
The kobold is severely wounded.
You are struck by an arc of lightning.
The lightning grounds out.
Your quokka bites the kobold.
The kobold dies!
The kobold closely misses your quokka. The adder bites you.
Casting: Static Discharge (safe; 7% risk of failure)
Confirm with . or Enter, or press ? or * to list all spells.
The ball python is struck by an arc of lightning!
You kill the ball python!
You are struck by an arc of lightning.
* * * LOW HITPOINT WARNING * * *
The lightning grounds out.
The adder is struck by an arc of lightning!
The adder is severely wounded.
You are struck by an arc of lightning.
* * * LOW HITPOINT WARNING * * *
The adder is struck by an arc of lightning!
You kill the adder!
You are struck by an arc of lightning.
* * * LOW HITPOINT WARNING * * *
The lightning grounds out.
* * * LOW HITPOINT WARNING * * *
Your quokka misses the kobold.
The kobold hits your quokka with a +0 short sword.
Your quokka misses the kobold.
The kobold hits your quokka with a +0 short sword.
Your quokka dies!
Your quokka's corpse disappears in a puff of smoke!
Aiming: Shock (safe; 4% risk of failure)
Press: ? - help, Q - select action, (/) - cycle Shift-Dir - straight line, f - kobold
Aim: a kobold, wielding a +0 short sword and quivering poisoned darts (64% to hit)
The zap hits the kobold.
You kill the kobold!
* * * LOW HITPOINT WARNING * * *
You start resting.
An orc comes into view. It is wielding a +0 flail.
Aiming: Shock (safe; 4% risk of failure)
Press: ? - help, Q - select action, (/) - cycle Shift-Dir - straight line The zap hits the orc.
The orc is moderately wounded.
The zap misses the orc.
* * * LOW HITPOINT WARNING * * *
Aiming: Shock (safe; 4% risk of failure)
Press: ? - help, Q - select action, (/) - cycle Shift-Dir - straight line The zap misses the orc.
* * * LOW HITPOINT WARNING * * *
Aiming: Shock (safe; 4% risk of failure)
Press: ? - help, Q - select action, (/) - cycle Shift-Dir - straight line The zap hits the orc.
The orc is almost dead.
* * * LOW HITPOINT WARNING * * *
A bat comes into view.
Aiming: Shock (safe; 4% risk of failure)
Press: ? - help, Q - select action, (/) - cycle Shift-Dir - straight line That beam is likely to hit you.
Continue anyway? [Y]es or [N]o only, please.
That beam is likely to hit you.
Continue anyway?
The zap hits you.
* * * LOW HITPOINT WARNING * * *
The zap hits the orc.
You kill the orc!
* * * LOW HITPOINT WARNING * * *
Aiming: Shock (safe; 4% risk of failure)
Press: ? - help, Q - select action, (/) - cycle Shift-Dir - straight line, f - bat
Aim: a bat (57% to hit)
The zap hits the bat.
You kill the bat!
* * * LOW HITPOINT WARNING * * *
You start resting.
A kobold comes into view.
It is wielding a +0 short sword and quivering poisoned darts.
A frilled lizard comes into view.
You see here a fizzy sapphire potion.
b - 3 fizzy sapphire potions (gained 1)
A goblin comes into view. It is wielding a +0 sling.
An adder comes into view.
The goblin shoots a sling bullet.
The sling bullet hits you.
* * * LOW HITPOINT WARNING * * *
The adder hisses angrily.
The frilled lizard hisses angrily.
The adder barely misses you.
A goblin comes into view. It is wielding a +0 dagger.
The adder attacks as you move away! The adder completely misses you.
Casting: Shock (safe; 4% risk of failure)
Confirm with . or Enter, or press ? or * to list all spells.
The adder is struck by an arc of lightning!
The adder is severely wounded.
You are struck by an arc of lightning.
* * * LOW HITPOINT WARNING * * *
The lightning grounds out.
* * * LOW HITPOINT WARNING * * *
The adder barely misses you. The adder bites you.
* * * LOW HITPOINT WARNING * * *
The kobold attacks as you move away! The kobold closely misses you.
The frilled lizard attacks as you move away!
The frilled lizard bites you.
* * * LOW HITPOINT WARNING * * *
The goblin shoots a sling bullet.
The sling bullet hits you.
You die...

#.. #.##.†......
..# #.).######.
#.##.......... .
#.)....######
#.##......#
#..g.g...#
#......K.#
#......S.#
#....l.@.#
.......#........#
###....#........#
#....#........#
#....#........#
###.##........#
#####.#### .#


You could see an adder, 2 goblins, a kobold and a frilled lizard.

Vanquished Creatures
  5 adders
  3 worms (D:2)
  A dart slug (D:2)
  An orc (D:3)
  4 ball pythons
  7 bats
  4 endoplasms
  2 giant cockroaches
  7 hobgoblins
  2 jackals (D:2)
  4 kobolds
  2 quokkas (D:2)
  2 frilled lizards (D:2)
  3 goblins
  8 rats
55 creatures vanquished.

Vanquished Creatures (collateral kills)
  A kobold (D:3)
  A bat (D:2)
2 creatures vanquished.

Vanquished Creatures (others)
  A withered plant (D:3)
1 creature vanquished.

Grand Total: 58 creatures vanquished

Notes
Turn   | Place    | Note
-------+----------+-------------------------------------------
     0 | D:1      | RascalDebosk the Djinni Air Elementalist began the quest
                  | for the Orb.
     0 | D:1      | RascalDebosk set off with the following spells memorised:
                  | Shock, Static Discharge, Swiftness, Airstrike.
     0 | D:1      | Reached XP level 1. HP: 15/15 MP: 0/0
   267 | D:1      | Reached XP level 2. HP: 16/22 MP: 0/0
   887 | D:1      | Reached XP level 3. HP: 24/26 MP: 0/0
   887 | D:1      | Learned a level 1 spell: Summon Small Mammal
  1145 | D:2      | Reached skill level 1 in Fighting
  1145 | D:2      | Reached skill level 1 in Evocations
  1438 | D:2      | Found a glowing silver altar of Zin.
  1486 | D:2      | Reached skill level 1 in Short Blades
  1889 | D:2      | Reached XP level 4. HP: 31/32 MP: 0/0
  1889 | D:2      | Found a faded altar of an unknown god.
  3033 | D:2      | Reached XP level 5. HP: 36/38 MP: 0/0
  3033 | D:2      | Learned a level 2 spell: Poisonous Vapours
  3251 | D:3      | HP: 1/38 [frilled lizard (1)]
  3251 | D:3      | Shot with a sling bullet by a goblin

Illustrated notes

Levels and vault maps discovered:
D:1:      scummos_arrival_star, layout_loops_ring
D:2:      minmay_skewed_foursquare, layout_basic, basic_ecumenical_altar,
          basic_altar
D:3:      layout_basic, grunt_temple_overflow_growth_and_decay, slow_altar_1,
          chequers_serial_rivers_micro_e, minmay_vboxes

Skill      XL: |  1  2  3 |
---------------+----------+-----
Fighting       | 1 |  1.8
Evocations     | 1 |  1.8
Stealth        | 2 |  2.0
Short Blades   | 1 |  1.6
Dodging        | |  2.1
Spellcasting   | |  2.9

Action                   |  1- 3 |  4- 6 || total
-------------------------+-------+-------++-------
Melee: Dagger            |       |    13 ||    13
 Cast: Shock             |    59 |    58 ||   117
       Summon Small Mamm |     6 |     2 ||     8
       Static Discharge  |     2 |     3 ||     5
Armor: Robe              |     1 |     9 ||    10
Dodge: Dodged            |     3 |    23 ||    26
